 Dungeon Crawl Stone Soup version 0.31-a0-968-g24f9ace8b5 (webtiles) character file.

Game seed: 10998813706266688306

318 Gladio the Slasher (level 6, -1/37 HPs)
             Began as a Vampire Gladiator on Oct 27, 2023.
             Was an Initiate of Uskayaw.
             Slain by an orc
             ... wielding a +0 whip
              (4 damage)
             ... on level 5 of the Dungeon.
             The game lasted 00:06:35 (3137 turns).

Gladio the Slasher (Vampire Gladiator)              Turns: 3137, Time: 00:06:36

Health: -1/37      AC:  6    Str: 13    XL:     6   Next: 21%
Magic:  1/6        EV: 12    Int: 10    God:    Uskayaw [......]
Gold:   202        SH:  0    Dex: 18    Spells: 5/5 levels left

rFire   . . .        a - +0 long sword
rCold   + + .        (no shield)
rNeg    + + +        h - +0 ring mail
rPois   ∞            c - +0 helmet
rElec   .            (no cloak)
rCorr   .            (no gloves)
SInv    +            (no boots)
Will    .....        (no amulet)
Stlth   +++          (no ring)
HPRegen 0.00/turn    (no ring)
MPRegen 0.10/turn

%: no passive effects
@: bloodless, inhibited regen
A: bloodless, fangs 3, see invisible, vampiric 2
a: Bat Form, Revivify, Renounce Religion


You were on level 5 of the Dungeon.
You worshipped Uskayaw.
Uskayaw was noncommittal.
You visited 2 branches of the dungeon, and saw 6 of its levels.

You collected 202 gold pieces.

Inventory:

Hand Weapons
 a - a +0 long sword (weapon)
Missiles
 d - 3 throwing nets
 e - a javelin
 w - 4 poisoned darts (quivered)
Armour
 b - a +0 leather armour
 c - a +0 helmet (worn)
 h - a +0 ring mail (worn)
Jewellery
 u - a ring of flight
Wands
 x - a wand of polymorph (1)
Scrolls
 f - a scroll of fear {unknown}
 i - 3 scrolls of identify {unknown}
 j - 5 scrolls of teleportation {unknown}
 m - a scroll of amnesia {unknown}
 o - a scroll of acquirement {unknown}
 q - a scroll of enchant armour {unknown}
 v - a scroll of blinking {unknown}
Potions
 g - a potion of resistance {unknown}
 k - a potion of degeneration {unknown}
 l - a potion of mutation {unknown}
 n - 2 potions of enlightenment {unknown}
 r - a potion of brilliance {unknown}
 s - a potion of invisibility {unknown}
 t - a potion of haste {unknown}
 z - a potion of lignification {unknown}


   Skills:
 + Level 3.3 Fighting
 * Level 5.3 Long Blades
 - Level 1.5 Throwing
 + Level 4.7 Dodging


You had 5 spell levels left.
You didn't know any spells.
Your spell library contained the following spells:

 Spells                   Type           Power      Damage    Failure   Level
 Tukima's Dance           Hex            0%         N/A       94%         3
 Passage of Golubria      Tloc           0%         N/A       100%        4
 Yara's Violent Unravell  Hex/Tmut       0%         3d3       100%        5


Dungeon Overview and Level Annotations

Branches:
Dungeon (5/15)             Temple (1/1) D:5

Altars:
Cheibriados
Dithmenos
Fedhas
Gozag
Hepliaklqana
Kikubaaqudgha
Nemelex Xobeh
Okawaru
Qazlal
Ru
Trog
Uskayaw
Vehumet
Wu Jian
Xom
Yredelemnul


Innate Abilities, Weirdness & Mutations

You do not regenerate when monsters are visible.
You are frail without blood (-20% HP).
You can heal yourself when you bite living creatures.
You are immune to poison.
You have razor-sharp teeth.
You have supernaturally acute eyesight. (SInv)
You are afflicted with vampirism and can become a bat while bloodless.


Message History

Okay, then.
You closely miss the orc wizard.
The orc wizard is severely wounded.
The orc wizard hits you with a +0 dagger.
* * * LOW HITPOINT WARNING * * *
The orc barely misses you. x2; The orc wizard closely misses you.
You slash the orc wizard!
You kill the orc wizard!
The orc barely misses you. The orc hits you with a +0 mace.
* * * LOW HITPOINT WARNING * * *
The orc barely misses you. The orc hits you with a +0 whip.
* * * LOW HITPOINT WARNING * * *
You can now stomp with the beat.
You stomp with the beat, sending a shockwave through the revellers around you!
The orc is almost dead.
The orc is heavily wounded.
You kill the orc!
You can no longer stomp with the beat.
The orc barely misses you. The orc completely misses you.
Unknown command.
You slash the orc!
You kill the orc!
The orc closely misses you.
Unknown command.
You barely miss the orc.
The orc is almost dead.
The orc hits you but does no damage.
You barely miss the orc. Your bite misses the orc.
The orc is almost dead.
The orc misses you.
You hit the orc but do no damage.
The orc is almost dead.
The orc closely misses you.
You barely miss the orc.
The orc is almost dead.
The orc hits you but does no damage.
You barely miss the orc.
The orc is almost dead.
The orc hits you with a +0 whip.
You die...

##########... ........
............###.....###
.....######.#~~~~~~~~~# #
.....# #.#~#.....#~#..
.....### ##..~.......~...
.......###...~.......~..#
.............~..)>...~..#
##...........~.))....~..#
''...........~.)@o...~..#
##..........#~#.....#~#.#
))..........#~~~~~~~~~# .
##..........###.$...###
##....................
##..................##.
##..................# #
##################### #


You could see an orc.

Vanquished Creatures
  A scorpion (D:5)
  An orc priest (D:5)
  Natasha (thrice) (D:4)
  An orc wizard (D:5)
  3 adders
  2 worms
  3 dart slugs
  12 orcs
  6 bats
  5 endoplasms
  2 giant cockroaches
  8 goblins
  8 hobgoblins
  7 jackals (D:4)
  4 kobolds
  4 quokkas
  4 ball pythons
  3 frilled lizards
  5 rats
82 creatures vanquished.

Notes
Turn   | Place    | Note
-------+----------+-------------------------------------------
     0 | D:1      | Gladio the Vampire Gladiator began the quest for the Orb.
     0 | D:1      | Reached XP level 1. HP: 16/16 MP: 1/1
   107 | D:1      | Reached XP level 2. HP: 22/22 MP: 2/2
   802 | D:2      | Gained mutation: You are afflicted with vampirism and can
                  | become a bat while bloodless. [Vampire growth]
   802 | D:2      | Reached XP level 3. HP: 21/21 MP: 3/3
  1465 | D:3      | Reached skill level 4 in Long Blades
  1627 | D:3      | Reached XP level 4. HP: 18/27 MP: 4/4
  1924 | D:4      | Found a snail-covered altar of Cheibriados.
  1931 | D:4      | Found a sacrificial altar of Ru.
  1933 | D:4      | Found an ornate altar of the Wu Jian Council.
  1933 | D:4      | Found a shadowy altar of Dithmenos.
  1935 | D:4      | Found an ancient bone altar of Kikubaaqudgha.
  1936 | D:4      | Found an opulent altar of Gozag.
  1938 | D:4      | Found a sparkling altar of Nemelex Xobeh.
  2450 | D:4      | Noticed Natasha
  2461 | D:4      | Killed Natasha
  2462 | D:4      | Reached XP level 5. HP: 9/32 MP: 5/5
  2743 | D:4      | Noticed Natasha
  2754 | D:4      | Killed Natasha
  2763 | D:4      | Noticed Natasha
  2834 | D:4      | Killed Natasha
  2875 | D:5      | Entered Level 5 of the Dungeon
  2921 | D:5      | Reached skill level 5 in Long Blades
  2941 | D:5      | Reached XP level 6. HP: 13/37 MP: 6/6
  3041 | D:5      | Found a staircase to the Ecumenical Temple.
  3093 | Temple   | Entered the Ecumenical Temple
  3100 | Temple   | Became a worshipper of Uskayaw the Reveller
  3118 | D:5      | Reached * piety under Uskayaw
  3137 | D:5      | Slain by an orc

Illustrated notes

Levels and vault maps discovered:
D:1:      lightli_arrival_boilingwater, layout_basic
D:2:      layout_basic, serial_park_tiny_1, nicolae_figureground_sparkle
D:3:      layout_basic, ebering_ecumenical_altar_abandoned
D:4:      layout_basic, minitemple, uniq_natasha
D:5:      layout_basic, mainiacjoe_overflow_concentric_impassable,
          minmay_temple_entry_water_ring, uniq_duvessa
Temple:   nicolae_temple_x_marks_the_god

Skill      XL: |  1  2  3  4  5 |
---------------+----------------+-----
Fighting       | 2 3 |  3.3
Long Blades    | 4 5 |  5.3
Dodging        | 4 |  4.7
Throwing       | |  1.5

Action                     |  1- 3 |  4- 6 || total
---------------------------+-------+-------++-------
  Melee: Long sword        |   128 |   117 ||   245
         Bite              |    11 |     9 ||    20
         Punch             |     2 |     3 ||     5
  Throw: Dart              |       |     8 ||     8
 Invoke: Stomp             |       |     2 ||     2
Ability: Exsanguinate      |     1 |       ||     1
    Use: Potion            |       |     3 ||     3
   Stab: Sleeping          |    12 |     4 ||    16
 Armour: Leather armour    |     7 |       ||     7
         Ring mail         |    61 |   117 ||   178
  Dodge: Dodged            |    79 |   112 ||   191

Table legend: (Time is in decaauts)
 A = Elapsed time spent in this place.
 B = Non-inter-level travel time spent in this place.
 C = Inter-level travel time spent in this place.
 D = Time resting spent in this place.
 E = Time spent auto-exploring this place.
 F = Levels seen in this place.
 G = Mean time per level.
                   A        B        C        D        E       F      G
               +--------+--------+--------+--------+--------+-----+--------+
         Total |   3194 |   2951 |    243 |      0 |   2296 |   6 |  532.3 |
       Dungeon |   3177 |   2947 |    230 |      0 |   2296 |   5 |  635.4 |
        Temple |     16 |      3 |     13 |      0 |      0 |   1 |   16.0 |
               +--------+--------+--------+--------+--------+-----+--------+

Top non-repeatable levels by time:
     D:4: 1173 daAuts
     D:1: 721 daAuts
     D:2: 684 daAuts
     D:3: 346 daAuts
     D:5: 250 daAuts
  Temple: 16 daAuts
